 Dungeon Sprint DCSS version 0.22-a0-362-g535178c (webtiles) character file.

46 emperorscorpion the Archer (level 3, -3/31 HPs)
             Began as a Centaur Hunter on Apr 21, 2018.
             Slain by a sky beast (4 damage)
             ... in the Dungeon (Sprint IX: "|||||||||||||||||||||||||||||").
             The game lasted 00:00:31 (156 turns).

emperorscorpion the Archer (Centaur Hunter)          Turns: 156, Time: 00:00:32

Health: -3/31      AC:  4    Str: 14    XL:     3   Next: 44%
Magic:  3/3        EV:  9    Int: 10    God:
Gold:   0          SH:  0    Dex: 10    Spells: 2/2 levels left

rFire    . . .     SeeInvis .   b - +0 short sword
rCold    . . .     Gourm    .   (no shield)
rNeg     . . .     Faith    .   c - +0 leather armour
rPois    .         Spirit   .   (no helmet)
rElec    .         Reflect  .   (no cloak)
rCorr    .         Harm     .   (no gloves)
MR       .....     NoTele   +   (no barding)
Stlth    +.........             (no amulet)
HPRegen  0.10/turn              (no ring)
MPRegen  0.08/turn              (no ring)

@: berserk cooldown, slowed
A: large, hooves 3, deformed body, speed 2, tough skin 3
a: no special abilities


You were in the Dungeon.
You were not hungry.

You visited 1 branch

Inventory:

Hand Weapons
 a - a +1 shortbow
 b - a +0 short sword (weapon)
Missiles
 d - 20 arrows
Armour
 c - a +0 leather armour (worn)
Scrolls
 k - a scroll of blinking
Potions
 e - a potion of curing
 g - a potion of heal wounds
 h - a potion of haste
 i - 2 potions of magic
Comestibles
 f - a ration
 l - 2 chunks of flesh


   Skills:
 + Level 3.0 Fighting
 + Level 0.8 Short Blades
 + Level 9.5 Bows
 + Level 0.4 Armour
 + Level 1.7 Dodging
 + Level 0.5 Stealth


You had 2 spell levels left.
You didn't know any spells.

Dungeon Overview and Level Annotations

Branches:
Dungeon (1/1)

Altars:


Innate Abilities, Weirdness & Mutations

You have hooves in place of feet.
Armour fits poorly on your strangely shaped body.
You cover ground very quickly.
You have extremely tough skin. (AC +3)


Message History

The orc barely misses you.
You hit the orc. Your kick misses the orc.
The orc is moderately wounded.
You puncture the orc!
You kill the orc!
Your Fighting skill increases to level 3!
You are no longer berserk.
You are exhausted.
You feel yourself slow down.
A sky beast appears from thin air!
Reactivating autopickup.
The sky beast hits you.
* * * LOW HITPOINT WARNING * * *
The sky beast shocks you.
* * * LOW HITPOINT WARNING * * *
Things that are here:
an enchanted dagger; a leather armour; an orc corpse You hit the sky beast.
The sky beast is moderately wounded.
The sky beast hits you.
You die...

▓o▓
▓.▓
▓.▓
▓.▓
▓.▓
▓.▓
▓W▓
▓Y▓
▓@▓
▓.▓
▓<▓
▓▓▓


You could see a phantom and a sky beast.

Vanquished Creatures
  An iguana (D)
  A shadow imp (D)
  An ooze (D)
  An orc (D)
  A bat (D)
  A giant cockroach (D)
  A hobgoblin (D)
  A kobold (D)
8 creatures vanquished.

Notes
Turn   | Place    | Note
-------+----------+-------------------------------------------
     0 | D        | emperorscorpion the Centaur Hunter began the quest for the Orb.
     0 | D        | Reached XP level 1. HP: 17/17 MP: 1/1
    10 | D        | Reached skill level 6 in Bows
    12 | D        | Reached skill level 7 in Bows
    19 | D        | Reached XP level 2. HP: 16/25 MP: 2/2
   128 | D        | Noticed a sky beast
   128 | D        | Noticed a phantom
   147 | D        | Reached skill level 9 in Bows
   147 | D        | Reached XP level 3. HP: 17/30 MP: 3/3
   155 | D        | HP: 1/31 [sky beast (6)]
   156 | D        | Slain by a sky beast

Vault maps used:
D:        linesprint

Skill      XL: |  1  2  3 |
---------------+----------+-----
Bows           | 7 9 |  9.5
Fighting       | 3 |  3.0
Short Blades   | |  0.8
Armour         | |  0.4
Dodging        | |  1.7
Stealth        | |  0.5

Action                   || total
-------------------------++-------
Melee: Short sword       ||    32
       Kick              ||     5
  Use: Potion            ||     1
Armor: Leather armour    ||     5
Dodge: Dodged            ||    12

Table legend:
 A = Spawn XP
 B = Non-spawn XP
 C = Spawn XP percentage of total XP
 D = Spawn monster count
 E = Non-spawn monster count
 F = Spawn count percentage of total count
 G = Total turns spent on level
                    A         B        C        D         E        F      G
               +---------+---------+-------+---------+---------+-------+---------
         Total |       0 |      66 |   0.0 |       0 |       8 |   0.0 |   156
               +---------+---------+-------+---------+---------+-------+---------
             D |       0 |      66 |   0.0 |       0 |       8 |   0.0 |   156
               +---------+---------+-------+---------+---------+-------+---------
